 Dungeon Crawl Stone Soup version 0.19.0-11-g3fc08b3 (webtiles) character file.

571 mrsandman326 the Skirmisher (level 7, -1/55 HPs)
             Began as a Human Berserker on Nov 8, 2016.
             Was a Priest of Trog.
             Slain by Eustachio
             ... wielding a +0 falchion
              (2 damage)
             ... on level 4 of the Dungeon on Nov 9, 2016.
             The game lasted 00:38:24 (7748 turns).

mrsandman326 the Skirmisher (Human Berserker)       Turns: 7748, Time: 00:38:25

Health: -1/55      AC: 11    Str: 19      XL:     7   Next: 60%
Magic:  7/7        EV:  6    Int:  8      God:    Trog [***...]
Gold:   204        SH:  0    Dex: 13 (14) Spells: 0 memorised, 6 levels left

rFire  . . .     SeeInvis .     A - +1 mace (crush)
rCold  . . .     Gourm    .     r - +0 plate armour
rNeg   . . .     Faith    .     (no shield)
rPois  .         Spirit   .     (no helmet)
rElec  .         Reflect  .     (no cloak)
rCorr  .         Harm     .     (no gloves)
MR     .....                    (no boots)
Stlth  ..........               s - amulet of inaccuracy (curse)
                                (no ring)
                                I - +2 ring of dexterity

@: starving
A: no striking features
a: Berserk, Trog's Hand, Burn Spellbooks, Renounce Religion


You were on level 4 of the Dungeon.
You worshipped Trog.
Trog was most pleased with you.
You were starving.

You visited 1 branch of the dungeon, and saw 4 of its levels.

You collected 204 gold pieces.

Inventory:

Hand Weapons
 a - a +0 hand axe
 q - a +1 dagger of freezing
 A - a +1 mace of crushing (weapon)
 F - a +3 quarterstaff of chaos
 H - a +2 mace of protection
Missiles
 i - 98 stones
 j - 14 arrows
 k - 56 sling bullets
 m - 19 bolts
 y - 14 poisoned needles
 J - a javelin of penetration (quivered)
 L - 8 curare-tipped needles
Armour
 b - a +0 animal skin
 f - a +0 robe
 p - a +0 ring mail
 r - a +0 plate armour (worn)
 B - a +0 chain mail
 C - a +0 leather armour
 D - a +0 scale mail
 E - a +0 robe
 G - a +0 cloak
 K - a +1 helmet
Jewellery
 s - a cursed amulet of inaccuracy (around neck)
 I - a +2 ring of dexterity (left hand)
Wands
 z - a wand of flame (32/48)
Scrolls
 e - 6 scrolls of remove curse {unknown}
 h - 4 scrolls of identify {unknown}
 o - 2 scrolls of recharging {unknown}
 t - a scroll of teleportation {unknown}
 u - a scroll of enchant armour {unknown}
 v - a scroll of immolation {unknown}
 M - a scroll of magic mapping {unknown}
Potions
 g - a potion of ambrosia {unknown}
 l - a potion of invisibility {unknown}
 n - a potion of curing {unknown}
 w - a potion of mutation {unknown}
 x - a potion of lignification {unknown}
Comestibles
 c - 2 bread rations
 d - a meat ration


   Skills:
 + Level 4.7 Fighting
 + Level 1.5 Short Blades
 + Level 4.6(5.0) Axes
 + Level 2.6(4.0) Maces & Flails
 + Level 1.1 Throwing
 + Level 4.0 Armour
 + Level 2.4 Dodging
 + Level 1.0 Stealth


You had 6 spell levels left.
You didn't know any spells.

Dungeon Overview and Level Annotations

Branches:
Dungeon (4/15)
 Temple: D:4-7

Altars:
Kikubaaqudgha
Vehumet
Xom

Annotations:
D:4 Eustachio


Message History

You sock the river rat!
The river rat is almost dead.
Eustachio mumbles some strange words.
The river rat bites you but does no damage.
Eustachio hits you but does no damage.
You barely miss the river rat.
The river rat is almost dead.
The river rat bites you.
* * * LOW HITPOINT WARNING * * *
Eustachio barely misses you.
You barely miss the river rat.
The river rat is almost dead.
The river rat bites you but does no damage.
Eustachio barely misses you.
You barely miss the river rat.
The river rat is almost dead.
The river rat bites you.
* * * LOW HITPOINT WARNING * * *
Eustachio hits you with a falchion.
You die...

.# #.# #.# ##.# .#
#.####.# #?!# .#
#.#....# #.## .#
#..###.# #.#
#..#...# #.#
#..#.#.# #.#
#...## #.# ##.##
#r# #.# #@# #.#
#@# .######.# #r#
........## #r#
###^#....#######.#
#............#
#.##...#########
#......# ######.#


You could see Eustachio, 2 river rats and a quokka.

Vanquished Creatures
  An ogre (D:4)
  A scorpion (D:4)
  A vampire bat (D:3)
  2 crimson imps (D:4)
  Crazy Yiuf (D:3)
  Ijyb (D:2)
  Terence (D:3)
  2 worker ants (D:4)
  Robin (D:3)
  5 adders
  3 oozes
  5 worms
  3 dart slugs
  2 leopard geckos (D:1)
  7 orcs (D:3)
  A ball python (D:4)
  2 bat skeletons (D:3)
  4 bat zombies (D:3)
  18 goblins
  12 hobgoblins
  5 jackals
  7 kobolds
  A quokka (D:4)
  8 bats
  3 frilled lizards
  11 rats
  5 fungi (D:3)
113 creatures vanquished.

Notes
Turn   | Place    | Note
-------+----------+-------------------------------------------
     0 | D:1      | mrsandman326 the Human Berserker began the quest for the Orb.
     0 | D:1      | Reached XP level 1. HP: 18/18 MP: 1/1
   354 | D:1      | Reached XP level 2. HP: 23/24 MP: 2/2
  1297 | D:2      | Reached XP level 3. HP: 22/29 MP: 3/3
  2573 | D:2      | Reached XP level 4. HP: 24/35 MP: 4/4
  2725 | D:2      | Noticed Ijyb
  2737 | D:2      | Killed Ijyb
  2930 | D:2      | Reached ** piety under Trog
  3003 | D:3      | Reached XP level 5. HP: 21/41 MP: 5/5
  3760 | D:3      | Noticed Terence
  3801 | D:3      | Killed Terence
  4556 | D:3      | Found a runed door.
  4560 | D:3      | Noticed Crazy Yiuf
  4580 | D:3      | Killed Crazy Yiuf
  4580 | D:3      | Reached skill level 1 in Short Blades
  4580 | D:3      | Reached XP level 6. HP: 27/48 MP: 6/6
  6102 | D:3      | Found an ancient bone altar of Kikubaaqudgha.
  6105 | D:3      | Reached *** piety under Trog
  6320 | D:3      | Noticed Robin
  6333 | D:3      | Killed Robin
  6732 | D:4      | Noticed an ogre
  6745 | D:4      | Killed an ogre
  6745 | D:4      | Reached skill level 1 in Maces & Flails
  6745 | D:4      | Reached XP level 7. HP: 22/55 MP: 7/7
  6947 | D:4      | Found a radiant altar of Vehumet.
  7023 | D:4      | Reached skill level 1 in Throwing
  7023 | D:4      | Reached skill level 1 in Stealth
  7385 | D:4      | Found a shimmering altar of Xom.
  7687 | D:4      | Noticed Eustachio
  7746 | D:4      | HP: 2/55 [river rat[Eustachio] (6)]
  7748 | D:4      | Slain by Eustachio

Skill      XL: |  1  2  3  4  5  6  7 |
---------------+----------------------+-----
Axes           | 4 |  4.6
Short Blades   | 1 |  1.5
Armour         | 3 4 |  4.0
Fighting       | 4 |  4.7
Maces & Flails | 1 2 |  2.6
Throwing       | 1 |  1.1
Stealth        | 1 |  1.0
Dodging        | |  2.4

Action                   |  1- 3 |  4- 6 |  7- 9 || total
-------------------------+-------+-------+-------++-------
Melee: Hand axe          |    98 |    28 |       ||   126
       Dagger            |       |   311 |       ||   311
       Mace              |       |   151 |   172 ||   323
Throw: Stone             |    10 |    14 |     4 ||    28
       Javelin           |       |     1 |     5 ||     6
Invok: Berserk           |       |     2 |     1 ||     3
  Eat: Chunk             |     4 |     5 |       ||     9
       Bread ration      |     1 |       |       ||     1
       Meat ration       |       |     2 |       ||     2
Armor: Animal skin       |    11 |       |       ||    11
       Ring mail         |     9 |     5 |       ||    14
       Robe              |     3 |       |       ||     3
       Plate armour      |       |   467 |   183 ||   650
Dodge: Dodged            |    67 |   240 |    90 ||   397
